 Dungeon Crawl Stone Soup version 0.30-a0-1053-gbd8d5ba0ad (webtiles) character file.

Game seed: 7692130433188440751

298 jimonade the Magician (level 6, -3/44 HPs)
             Began as a Gnoll Hedge Wizard on Apr 11, 2023.
             Splashed by a jelly's acid (7 damage)
             ... on level 4 of the Dungeon.
             The game lasted 00:09:41 (4334 turns).

jimonade the Magician (Gnoll Hedge Wizard)          Turns: 4334, Time: 00:09:42

Health: -3/44      AC: -4    Str: 11    XL:     6   Next: 36%
Magic:  16/16      EV: 18    Int: 13    God:
Gold:   295        SH:  0    Dex: 12    Spells: 14/19 levels left

rFire   . . .      SeeInvis .    a - +0 spear
rCold   . . .      Faith    .    n - orb {light}
rNeg    . . .      Spirit   .    b - +0 robe
rPois   .          Reflect  .    c - +0 hat
rElec   .          Rampage  .    h - +0 cloak
rCorr   .                        (no gloves)
Will    .....                    (no boots)
Stlth   +                        m - amulet of magic regeneration
HPRegen 0.27/turn                k - +5 ring of evasion
MPRegen 0.55/turn                (no ring)

@: corroded, glowing
A: fangs 1, strong nose, distributed training
a: no special abilities


You were on level 4 of the Dungeon.
You visited 1 branch of the dungeon, and saw 4 of its levels.
You also visited: Sewer.

You collected 295 gold pieces.

Inventory:

Hand Weapons
 a - a +0 spear (weapon)
 e - a +0 mace
 o - a +0 dagger
 s - a +0 sling
 x - a +0 heavy hand axe
 y - a +0 long sword
Missiles
 i - 4 boomerangs
 l - 11 poisoned darts
 q - 31 stones
 z - 4 curare-tipped darts
Armour
 b - a +0 robe (worn)
 c - a +0 hat (worn)
 f - a +0 leather armour
 h - a +0 cloak (worn)
 n - an orb of light (worn)
 w - a +0 ring mail
Jewellery
 k - a +5 ring of evasion (left hand)
 m - an amulet of magic regeneration (around neck)
Scrolls
 p - a scroll of immolation
 r - 2 scrolls of amnesia {unknown}
 t - 2 scrolls of enchant weapon {unknown}
 u - a scroll of fog
 v - 2 scrolls of identify
 A - a scroll of enchant armour {unknown}
 B - a scroll of fear {unknown}
 D - a scroll of teleportation
 E - a scroll of torment {unknown}
 F - a scroll of acquirement {unknown}
Potions
 d - a potion of magic
 g - a potion of curing
 j - 2 potions of berserk rage
 C - 3 potions of might {unknown}
 G - 2 potions of mutation {unknown}


   Skills:
 + Level 2.0 Fighting
 + Level 2.0 Short Blades
 + Level 2.0 Long Blades
 + Level 2.0 Axes
 + Level 2.0 Maces & Flails
 + Level 2.0 Polearms
 + Level 2.0 Staves
 + Level 2.0 Ranged Weapons
 + Level 2.0 Throwing
 + Level 2.0 Armour
 + Level 5.0 Dodging
 + Level 4.6 Stealth
 + Level 2.0 Shields
 + Level 2.0 Unarmed Combat
 + Level 7.4 Spellcasting
 + Level 2.6 Conjurations
 + Level 1.6 Hexes
 + Level 2.6 Summonings
 + Level 1.6 Necromancy
 + Level 2.6 Translocations
 + Level 1.6 Transmutations
 + Level 1.6 Fire Magic
 + Level 1.6 Ice Magic
 + Level 1.6 Air Magic
 + Level 1.6 Earth Magic
 + Level 1.6 Poison Magic
 + Level 2.2 Invocations
 + Level 2.0 Evocations


You had 14 spell levels left.
You knew the following spells:

 Your Spells              Type           Power      Damage    Failure   Level
a - Magic Dart            Conj           44%        1d5       4%          1
b - Blink                 Tloc           22%        N/A       8%          2
c - Call Imp              Summ           22%        N/A       8%          2

Your spell library contained the following spells:

 Spells                   Type           Power      Damage    Failure   Level
 Slow                     Hex            36%        N/A       8%          1
 Cigotuvi's Dreadful Rot  Necr/Pois/Air  18%        N/A       12%         2
 Ensorcelled Hibernation  Hex/Ice        18%        N/A       12%         2
 Passwall                 Tmut/Erth      7%         N/A       12%         2
 Mephitic Cloud           Conj/Pois/Air  9%         N/A       19%         3
 Swiftness                Air            9%         N/A       22%         3


Dungeon Overview and Level Annotations

Branches:
Dungeon (4/15)              Sewer (visited)
 Temple: D:4-7

Altars:

Shops:
D:2 !

Annotations:
D:1 1 transporter


Innate Abilities, Weirdness & Mutations

You have very sharp teeth.
Your uncanny sense of smell can sniff out nearby items.
Your experience applies equally to all skills.


Message History

Your cerulean imp hits the jelly with a -3 spear.
The acid corrodes your cerulean imp!
Your cerulean imp is burned by acid!
You completely miss the jelly.
The jelly is lightly wounded.
The jelly hits you.
You are splashed with acid!
Your cerulean imp hits the jelly with a -3 spear.
Your cerulean imp is burned by acid!
You hit the jelly but do no damage.
Your hands burn!
The jelly is lightly wounded.
The jelly closely misses you.
Your cerulean imp hits the jelly with a -3 spear.
Your cerulean imp is burned by acid!
You hit the jelly. The acid corrodes you!
Your hands burn!
You bite the jelly.
The jelly is heavily wounded.
The jelly barely misses you.
Your cerulean imp hits the jelly with a -3 spear.
Your cerulean imp is burned by acid!
Your cerulean imp dies!
Your cerulean imp disappears in a puff of smoke!
You hit the jelly but do no damage.
Your hands burn!
The jelly is severely wounded.
The jelly misses you.
You hit the jelly.
Your hands burn!
The jelly is almost dead.
The jelly completely misses you.
Casting: Call Imp (safe; 8% risk of failure)
Confirm with . or Enter, or press ? or * to list all spells.
A tiny devil pulls itself out of the air.
The jelly hits you.
You are splashed with acid!
* * * LOW HITPOINT WARNING * * *
You hit the jelly but do no damage.
Your hands burn!
* * * LOW HITPOINT WARNING * * *
The jelly is almost dead.
Your cerulean imp hits the jelly but does no damage.
Your cerulean imp is burned by acid!
The jelly hits you.
* * * LOW HITPOINT WARNING * * *
You are splashed with acid!
You die...

#.#.# .....#..... ##.#.##
#)).......#
.#.....###.........# ...##
........##.........#.....#
#..<...#.)...#...........
##.......#..###..# .....
.........[##.....###..(.
......#.###.......#..##
...####.##......@J....#...
#.# #>####.....#5.......
## #.# ##...##........ ###
###..#........
##...!..#... ..#..## ..
..##.# # #.. .. .. ...


You could see a jelly (ally target) and a friendly cerulean imp (summoned).

Vanquished Creatures
  An orc priest (D:3)
  An orc wizard (D:3)
  5 adders
  2 dart slugs (D:1)
  8 orcs
  6 bats
  2 endoplasms
  4 giant cockroaches
  5 goblins
  4 hobgoblins
  2 jackals (Sewer)
  2 kobolds (D:3)
  6 quokkas
  4 ball pythons
  A frilled lizard (D:3)
  2 rats
55 creatures vanquished.

Vanquished Creatures (collateral kills)
  Pargi (Sewer)
  An adder (D:2)
  2 dart slugs
  4 orcs
  A ball python (D:3)
  An endoplasm (D:3)
  3 giant cockroaches
  2 hobgoblins
  2 quokkas (D:3)
  A frilled lizard (D:2)
  A rat (D:3)
19 creatures vanquished.

Vanquished Creatures (others)
  2 fungi (D:3)
  2 plants (D:3)
4 creatures vanquished.

Grand Total: 78 creatures vanquished

Notes
Turn   | Place    | Note
-------+----------+-------------------------------------------
     0 | D:1      | jimonade the Gnoll Hedge Wizard began the quest for the
                  | Orb.
     0 | D:1      | Reached XP level 1. HP: 13/13 MP: 8/8
   262 | D:1      | Reached XP level 2. HP: 19/19 MP: 6/10
   296 | D:1      | Learned a level 2 spell: Blink
   299 | D:1      | Learned a level 2 spell: Call Imp
  1360 | D:2      | Reached XP level 3. HP: 14/25 MP: 8/11
  1464 | D:2      | Reached skill level 1 in Invocations
  1729 | D:2      | Reached skill level 1 in Fighting
  1729 | D:2      | Reached skill level 1 in Short Blades
  1729 | D:2      | Reached skill level 1 in Long Blades
  1729 | D:2      | Reached skill level 1 in Axes
  1729 | D:2      | Reached skill level 1 in Maces & Flails
  1729 | D:2      | Reached skill level 1 in Polearms
  1729 | D:2      | Reached skill level 1 in Staves
  1729 | D:2      | Reached skill level 1 in Ranged Weapons
  1729 | D:2      | Reached skill level 1 in Throwing
  1729 | D:2      | Reached skill level 1 in Armour
  1729 | D:2      | Reached skill level 1 in Shields
  1729 | D:2      | Reached skill level 1 in Unarmed Combat
  1729 | D:2      | Reached skill level 1 in Evocations
  1785 | D:2      | Found Ciad's Distillery.
  1952 | D:2      | Reached XP level 4. HP: 28/32 MP: 13/13
  2526 | D:3      | Reached skill level 1 in Hexes
  2526 | D:3      | Reached skill level 1 in Necromancy
  2526 | D:3      | Reached skill level 1 in Transmutations
  2526 | D:3      | Reached skill level 1 in Fire Magic
  2526 | D:3      | Reached skill level 1 in Ice Magic
  2526 | D:3      | Reached skill level 1 in Air Magic
  2526 | D:3      | Reached skill level 1 in Earth Magic
  2526 | D:3      | Reached skill level 1 in Poison Magic
  2599 | D:3      | Reached XP level 5. HP: 13/37 MP: 14/14
  2786 | D:3      | Found a glowing drain.
  2803 | Sewer    | Entered a sewer
  2830 | Sewer    | Noticed Pargi
  2855 | Sewer    | Killed Pargi
  2856 | Sewer    | Reached XP level 6. HP: 36/44 MP: 16/16
  3104 | D:3      | Reached skill level 5 in Dodging
  3383 | D:3      | Found a faded altar of an unknown god.
  4334 | D:4      | Splashed by a jelly's acid

Illustrated notes

Levels and vault maps discovered:
D:1:      spicycebolla_arrival_risky_transporter, layout_basic, minivault_23,
          minmay_misc_feat_enclosed
D:2:      layout_basic, serial_shops, shop
D:3:      layout_basic, gup_sewer_entry_pipe,
          shapermc_ecumenical_altar_mp_ritualfount, grunt_ministairs_6
D:4:      nicolae_cairo_tiling_large_dashed, layout_loops_ring,
          doesnt_xom_only_xom, elyvilon_altar_5, nzn_wu_jian_council_hall

Skill      XL: |  1  2  3  4  5  6 |
---------------+-------------------+-----
Conjurations   | 2 |  2.6
Summonings     | 2 |  2.6
Translocations | 2 |  2.6
Invocations    | 1 2 |  2.2
Fighting       | 1 2 |  2.0
Short Blades   | 1 2 |  2.0
Long Blades    | 1 2 |  2.0
Axes           | 1 2 |  2.0
Maces & Flails | 1 2 |  2.0
Polearms       | 1 2 |  2.0
Staves         | 1 2 |  2.0
Ranged Weapons | 1 2 |  2.0
Throwing       | 1 2 |  2.0
Armour         | 1 2 |  2.0
Shields        | 1 2 |  2.0
Unarmed Combat | 1 2 |  2.0
Evocations     | 1 2 |  2.0
Hexes          | 1 |  1.6
Necromancy     | 1 |  1.6
Transmutations | 1 |  1.6
Fire Magic     | 1 |  1.6
Ice Magic      | 1 |  1.6
Air Magic      | 1 |  1.6
Earth Magic    | 1 |  1.6
Poison Magic   | 1 |  1.6
Dodging        | 5 |  5.0
Stealth        | |  4.6
Spellcasting   | |  7.4

Action                     |  1- 3 |  4- 6 || total
---------------------------+-------+-------++-------
  Melee: Mace              |     6 |       ||     6
         Spear             |    19 |   106 ||   125
         Bite              |     2 |     8 ||    10
  Throw: Dart              |       |     7 ||     7
         Boomerang         |       |     3 ||     3
   Cast: Magic Dart        |    54 |    23 ||    77
         Call Imp          |     8 |    21 ||    29
    Use: Scroll            |       |     8 ||     8
   Stab: Distracted        |     1 |     1 ||     2
         Sleeping          |       |     1 ||     1
 Armour: Robe              |     4 |    13 ||    17
  Dodge: Dodged            |    20 |    90 ||   110

Table legend: (Time is in decaauts)
 A = Elapsed time spent in this place.
 B = Non-inter-level travel time spent in this place.
 C = Inter-level travel time spent in this place.
 D = Time resting spent in this place.
 E = Time spent auto-exploring this place.
 F = Levels seen in this place.
 G = Mean time per level.
                   A        B        C        D        E       F      G
               +--------+--------+--------+--------+--------+-----+--------+
         Total |   4353 |   4172 |    181 |    404 |   2721 |   5 |  870.6 |
       Dungeon |   4084 |   3903 |    181 |    281 |   2683 |   4 | 1021.0 |
         Sewer |    269 |    269 |      0 |    123 |     38 |   1 |  269.0 |
               +--------+--------+--------+--------+--------+-----+--------+

Top non-repeatable levels by time:
     D:3: 1555 daAuts
     D:1: 1276 daAuts
     D:2: 1205 daAuts
   Sewer: 269 daAuts
     D:4: 46 daAuts
